 Dungeon Crawl Stone Soup version 0.28-a0-664-gc179e30c89 (webtiles) character file.

Game seed: 5391287707058945091

3637 Gwenloh the Destroyer (level 9, -1/45 HPs)
             Began as a Deep Elf Conjurer on Oct 16, 2021.
             Was a Follower of Sif Muna.
             Slain by an orc warrior (11 damage)
             ... on level 8 of the Dungeon.
             The game lasted 00:37:02 (11057 turns).

Gwenloh the Destroyer (Deep Elf Conjurer)          Turns: 11057, Time: 00:37:03

Health: -1/45      AC:  9    Str:  4    XL:     9   Next: 87%
Magic:  4/24       EV: 12    Int: 27    God:    Sif Muna [*.....]
Gold:   167        SH:  0    Dex: 13    Spells: 12/26 levels left

rFire   . . .      SeeInvis .   r - +0 quarterstaff (holy)
rCold   . . .      Faith    .   (shield currently unavailable)
rNeg    . . .      Spirit   .   x - +3 leather armour {Will+}
rPois   .          Reflect  .   t - +0 helmet
rElec   .          Harm     .   A - +0 cloak
rCorr   .          Rampage  .   (no gloves)
Will    +....                   d - +0 pair of boots
Stlth   ++........              (no amulet)
HPRegen 0.15/turn               (no ring)
MPRegen 0.19/turn               (no ring)

@: studying Unarmed Combat
A: no striking features
a: Renounce Religion, Channel Magic


You were on level 8 of the Dungeon.
You worshipped Sif Muna.
Sif Muna was aware of your devotion.
You visited 2 branches of the dungeon, and saw 9 of its levels.

You collected 237 gold pieces.
You spent 70 gold pieces at shops.

Inventory:

Hand Weapons
 c - a +0 dagger
 r - a +0 quarterstaff of holy wrath (weapon)
Armour
 d - a +0 pair of boots (worn)
 k - a +0 buckler
 t - a +0 helmet (worn)
 x - a +3 leather armour of willpower (worn)
 A - a +0 cloak (worn)
Jewellery
 v - a +4 ring of slaying
Wands
 p - a wand of digging (7)
 w - a wand of charming (7)
Scrolls
 e - a scroll of fog
 f - 4 scrolls of teleportation
 i - 5 scrolls of vulnerability
 j - a scroll of immolation
 m - a scroll of magic mapping
 q - 4 scrolls of amnesia
 y - a scroll of summoning
 z - a scroll of enchant armour {unknown}
Potions
 b - a potion of haste {unknown}
 g - 2 potions of might {unknown}
 h - 4 potions of heal wounds
 l - 3 potions of degeneration {unknown}
 n - a potion of lignification {unknown}
 o - 3 potions of curing
 s - a potion of brilliance {unknown}
 u - a potion of attraction {unknown}


   Skills:
 + Level 4.4 Dodging
 - Level 2.4 Stealth
 - Level 4.0 Shields
 + Level 9.0 Spellcasting
 + Level 10.5 Conjurations
 + Level 7.9 Hexes
 + Level 3.1 Invocations


You had 12 spell levels left.
You knew the following spells:

 Your Spells              Type           Power      Damage    Failure   Level
a - Magic Dart            Conj           100%       1d8       1%          1
b - Searing Ray           Conj           100%       2d8       1%          2
c - Dazzling Flash        Conj/Hex       100%       N/A       1%          3
d - Fulminant Prism       Conj/Hex       29%        3d14      1%          4
e - Iskenderun's Mystic   Conj/Tloc      40%        2d9       10%         4

Your spell library contained the following spells:

 Spells                   Type           Power      Damage    Failure   Level


Dungeon Overview and Level Annotations

Branches:
Dungeon (8/15)             Temple (1/1) D:7
   Lair: D:8-11

Altars:
Cheibriados
Dithmenos
Sif Muna
Wu Jian

Shops:
D:6 !


Message History

Aim: an orc wizard, wielding a +0 dagger and wearing a +0 robe (severely wounded, 100% to hit)
The magic dart hits the orc wizard.
You kill the orc wizard!
Sif Muna accepts your kill.
Casting: Magic Dart (safe; 1% risk of failure)
Confirm with . or Enter, or press ? or * to list all spells.
Aiming: Magic Dart (safe; 1% risk of failure)
Press: ? - help, Shift-Dir - straight line, f - orc warrior
Aim: an orc warrior, wielding a +0 hand axe and wearing a +0 chain mail (lightly wounded, 100% to hit)
The magic dart hits the orc warrior but does no damage.
The orc warrior is lightly wounded.
The orc warrior hits you with a +0 hand axe.
The orc warrior misses you.
Casting: Magic Dart (safe; 1% risk of failure)
Confirm with . or Enter, or press ? or * to list all spells.
Casting: Dazzling Flash (safe; 1% risk of failure)
Press: ? - help, Dir - look around, f - activate The orc warrior barely misses you.
Casting: Dazzling Flash (safe; 1% risk of failure)
Confirm with . or Enter, or press ? or * to list all spells.
Aiming: Searing Ray (safe; 1% risk of failure)
Press: ? - help, Shift-Dir - straight line, f - orc warrior
Aim: an orc warrior, wielding a +0 hand axe and wearing a +0 chain mail (lightly wounded, 81% to hit)
The searing ray hits the orc warrior.
The orc warrior is moderately wounded. (Press . to maintain the ray.)
The orc warrior hits you with a +0 hand axe.
The searing ray hits the orc warrior but does no damage.
The orc warrior is moderately wounded.
The orc warrior closely misses you.
The searing ray hits the orc warrior!
The orc warrior is heavily wounded.
The orc warrior hits you with a +0 hand axe!
The searing ray hits the orc warrior.
The orc warrior is severely wounded.
You finish channelling your searing ray.
The orc warrior hits you with a +0 hand axe!
* * * LOW HITPOINT WARNING * * *
The orc warrior hits you with a +0 hand axe!
You die...

# # ####
#..#.#..#
#.......#
#.@# #.o#
..)..
..).....
...........
#..#.##....#
####. ......
.. .....#.


You could see an orc warrior.

Vanquished Creatures
  Joseph (D:7)
  Grinder (D:5)
  Sigmund (D:3)
  A wraith (D:6)
  2 wyverns
  A steam dragon (D:6)
  Duvessa (D:5)
  2 black bears
  An ice beast (D:7)
  A sky beast (D:7)
  4 ogres
  2 centaurs
  A kobold brigand (D:7)
  Blork the orc (D:6)
  A bullfrog (D:6)
  Dowan (D:5)
  6 wights
  2 centaur zombies
  2 bullfrog zombies
  A centaur skeleton (D:7)
  A jelly (D:6)
  3 orc priests
  4 hounds
  Crazy Yiuf (D:5)
  4 iguanas
  3 orc wizards
  Ijyb (D:5)
  2 killer bee zombies
  A hound zombie (D:5)
  A howler monkey zombie (D:5)
  Robin (D:3)
  A howler monkey skeleton (D:6)
  4 gnolls (D:6)
  6 adders
  A shadow imp (D:6)
  A white imp (D:3)
  4 ufetubi
  2 adder skeletons (D:5)
  2 worms (D:4)
  A dart slug (D:2)
  14 orcs
  4 ball pythons
  9 endoplasms
  2 giant cockroaches
  20 goblins
  5 hobgoblins
  4 jackals (D:1)
  3 quokkas
  6 bats
  3 frilled lizards
  11 kobolds
  7 rats
165 creatures vanquished.

Vanquished Creatures (others)
  21 fulminant prisms
21 creatures vanquished.

Grand Total: 186 creatures vanquished

Notes
Turn   | Place    | Note
-------+----------+-------------------------------------------
     0 | D:1      | Gwenloh the Deep Elf Conjurer began the quest for the Orb.
     0 | D:1      | Reached XP level 1. HP: 10/10 MP: 6/6
    57 | D:1      | Found a shadowy altar of Dithmenos.
   226 | D:1      | Reached XP level 2. HP: 15/15 MP: 2/8
   617 | D:1      | Learned a level 2 spell: Searing Ray
   747 | D:1      | Reached skill level 5 in Conjurations
  1394 | D:2      | Reached XP level 3. HP: 19/19 MP: 5/10
  1458 | D:2      | Learned a level 3 spell: Dazzling Flash
  2079 | D:2      | Reached skill level 1 in Hexes
  2657 | D:3      | You fall into a shaft and drop 2 floors!
  2657 | D:5      | Entered Level 5 of the Dungeon
  2661 | D:5      | Reached XP level 4. HP: 24/24 MP: 8/12
  2810 | D:5      | Noticed Ijyb
  2840 | D:5      | Killed Ijyb
  2942 | D:5      | Noticed Grinder
  2961 | D:5      | Reached skill level 1 in Shields
  2961 | D:5      | Reached XP level 5. HP: 24/28 MP: 4/13
  3224 | D:4      | Reached skill level 6 in Conjurations
  3550 | D:4      | Reached XP level 6. HP: 32/32 MP: 9/15
  4067 | D:3      | Reached skill level 5 in Spellcasting
  4157 | D:3      | Learned a level 4 spell: Fulminant Prism
  4702 | D:3      | Noticed Sigmund
  4708 | D:3      | Killed Sigmund
  4709 | D:3      | Reached skill level 7 in Conjurations
  4709 | D:3      | Reached XP level 7. HP: 36/36 MP: 9/17
  5108 | D:3      | Noticed Robin
  5111 | D:3      | Killed Robin
  5406 | D:3      | Found a shimmering blue altar of Sif Muna.
  5412 | D:3      | Became a worshipper of Sif Muna the Loreminder
  6159 | D:5      | Noticed a wyvern
  6166 | D:5      | Killed a wyvern
  6167 | D:5      | Reached skill level 8 in Conjurations
  6167 | D:5      | Reached XP level 8. HP: 41/41 MP: 0/19
  6469 | D:5      | Killed Grinder
  6470 | D:5      | Reached skill level 5 in Hexes
  6756 | D:5      | Noticed Duvessa
  6761 | D:5      | Killed Duvessa
  6761 | D:5      | Noticed Dowan
  6764 | D:5      | Identified the +2 mace of Crystal {vorpal, rC+ MP+9 Int+2
                  | Stlth+}
  7169 | D:5      | Found a runed translucent door.
  7170 | D:5      | Noticed Crazy Yiuf
  7237 | D:5      | Killed Dowan
  7291 | D:5      | You fall into a shaft and drop 3 floors!
  7335 | D:8      | Learned a level 4 spell: Iskenderun's Mystic Blast
  7496 | D:8      | Reached skill level 9 in Conjurations
  7730 | D:7      | Found a staircase to the Ecumenical Temple.
  7875 | D:6      | Reached * piety under Sif Muna
  7938 | Temple   | Entered the Ecumenical Temple
  8012 | D:7      | Noticed Joseph
  8027 | D:7      | Killed Joseph
  8028 | D:7      | Reached XP level 9. HP: 9/45 MP: 11/22
  8321 | D:6      | Reached skill level 10 in Conjurations
  8613 | D:7      | Reached skill level 1 in Invocations
  8926 | D:5      | Killed Crazy Yiuf
  9053 | D:6      | Noticed Blork the orc
  9564 | D:6      | Killed Blork the orc
 10342 | D:6      | Found Matycish's Distillery.
 10350 | D:6      | Bought a potion of heal wounds for 70 gold pieces
 11057 | D:8      | Slain by an orc warrior

Illustrated notes

Levels and vault maps discovered:
D:1:      dpeg_arrival_pond, layout_basic, serial_park_tiny_1,
          minmay_hexomino_r4
D:2:      layout_loops_corners, solitary_fountain, minmay_misc_feat_diagonals
D:3:      layout_basic, led_sif_pool, uniq_sigmund, uniq_robin
D:4:      layout_basic, minmay_manual_mail
D:5:      layout_basic, uniq_grinder, uniq_crazy_yiuf_cottage, uniq_ijyb,
          uniq_duvessa
D:6:      layout_cave_pools, serial_shops, shop, wad_floor_pattern_untrapped,
          uniq_blork_the_orc
D:7:      layout_loops_ring, minmay_temple_entry_mini_moons, uniq_joseph
D:8:      layout_cave_pools, ldierk_geyser
Temple:   regret_index_temple_chain_breaker

Skill      XL: |  1  2  3  4  5  6  7  8  9 |
---------------+----------------------------+-----
Conjurations   | 5 6 7 8 9 10 | 10.5
Spellcasting   | 4 5 6 7 9 |  9.0
Hexes          | 1 2 3 4 6 7 |  7.9
Shields        | 1 2 4 |  4.0
Invocations    | 3 |  3.1
Dodging        | 4 |  4.4
Stealth        | |  2.4

Action                   |  1- 3 |  4- 6 |  7- 9 || total
-------------------------+-------+-------+-------++-------
Melee: Dagger            |    16 |       |       ||    16
       Quarterstaff      |     1 |     2 |     3 ||     6
 Cast: Magic Dart        |    73 |    55 |   109 ||   237
       Searing Ray       |     4 |    17 |    53 ||    74
       Dazzling Flash    |     1 |       |     3 ||     4
       Fulminant Prism   |       |     1 |    20 ||    21
       Iskenderun's Myst |       |       |    11 ||    11
  Use: Scroll            |       |       |     7 ||     7
       Potion            |       |       |     1 ||     1
Armor: Robe              |     8 |     4 |     3 ||    15
       Leather armour    |       |       |    23 ||    23
Dodge: Dodged            |    18 |    19 |    73 ||   110

Table legend: (Time is in decaauts)
 A = Elapsed time spent in this place.
 B = Non-inter-level travel time spent in this place.
 C = Inter-level travel time spent in this place.
 D = Time resting spent in this place.
 E = Time spent auto-exploring this place.
 F = Levels seen in this place.
 G = Mean time per level.
                   A        B        C        D        E       F      G
               +--------+--------+--------+--------+--------+-----+--------+
         Total |  11077 |  10569 |    508 |   3687 |   4811 |   9 | 1230.8 |
       Dungeon |  11075 |  10567 |    508 |   3687 |   4811 |   8 | 1384.4 |
        Temple |      1 |      1 |      0 |      0 |      0 |   1 |    1.0 |
               +--------+--------+--------+--------+--------+-----+--------+

Top non-repeatable levels by time:
     D:5: 2624 daAuts
     D:3: 1551 daAuts
     D:7: 1528 daAuts
     D:4: 1407 daAuts
     D:1: 1379 daAuts
     D:2: 1231 daAuts
     D:6: 1004 daAuts
     D:8: 347 daAuts
  Temple: 1 daAuts
